AoeStats
← dima_togy

Hideout

508642213Analyzed
1v1 RM · 9d ago on Sep 23, 2026· 39m 12s· 2 players
Game mode
Random Map
Map size
Tiny (2 player)
Population
200
Speed
Normal
Resources
Standard
Victory
Conquest
Starting age
Dark Age
Ending age
Imperial Age
RankedLock teamsTeams togetherTeam positionsShared explorationLock speedFull tech treeHidden civsTurbo modeCheats
Victory
Defeat
🇦🇲 Bulgarians · Armenia
1403
+16
🇹🇷 Celts · Türkiye
1397
-16
BarBaroS
11:05 Feudal Age
11:50 Double-Bit Axe
14:05 Horse Collar
17:08 Fletching
19:41 Castle Age
18:47 Padded Archer Armor
25:38 Crossbowman
29:21 Scale Mail Armor
32:46 Gold Mining
38:37 Imperial Age
dima_togy
9:50 Feudal Age
10:14 Loom
10:51 Double-Bit Axe
11:10 Arson
14:15 Fletching
22:40 Castle Age
20:53 Stone Mining
21:40 Gold Mining
21:34 Horse Collar
23:24 Bodkin Arrow
26:10 Scale Mail Armor
27:40 Wheelbarrow
27:22 Forging
32:39 Ballistics
38:26 Scale Barding Armor
38:56 Iron Casting
Connection lost

Rejoining the realm…

Still unreachable

The connection could not be restored.

Session expired

The server has moved on; the page needs a fresh start.